 Dungeon Crawl Stone Soup version 0.31-a0-949-g57150269e1 (webtiles) character file.

Game seed: 7016663932189608618

584 Zonian the Magician (level 7, -2/31 (36) HPs)
             Began as a Deep Elf Hedge Wizard on Oct 22, 2023.
             Slain by a hellwing (7 damage)
             ... summoned by a kobold demonologist
             ... on level 5 of the Dungeon.
             The game lasted 00:08:18 (5783 turns).

Zonian the Magician (Deep Elf Hedge Wizard)         Turns: 5783, Time: 00:08:18

HP:   -2/31 (36)    AC:  4    Str:  7    XL:     7   Next: 14%
MP:   16/18         EV: 13    Int: 23    God:
Gold: 148           SH:  0    Dex: 14    Spells: 17/18 levels left

rFire   x . .        g - +8 hand axe "Wiefos" {holy, rPois rF- rN++ Int+2}
rCold   . . .        (no shield)
rNeg    + + .        b - +0 robe
rPois   +            k - +0 helmet
rElec   .            (no cloak)
rCorr   .            x - +0 pair of gloves
SInv    .            (no boots)
Will    .....        m - amulet of the acrobat
Stlth   +++          (no ring)
HPRegen 0.25/turn    (no ring)
MPRegen 0.16/turn

%: acrobat
@: heavily drained
A: no striking features
a: no special abilities


You were on level 5 of the Dungeon.
You visited 1 branch of the dungeon, and saw 5 of its levels.

You collected 148 gold pieces.

Inventory:

Hand Weapons
 a - a +0 dagger
 g - the +8 hand axe "Wiefos" (weapon) {holy, rPois rF- rN++ Int+2}
   (You found it on level 3 of the Dungeon)

   Int+2:     It affects your intelligence (+2).
   rF-:       It makes you vulnerable to fire.
   rPois:     It protects you from poison rN++: It greatly protects you from
   negative energy.
 i - a +1 dagger of venom
 l - a +2 dagger of speed
 q - a +4 spear
Armour
 b - a +0 robe (worn)
 c - a +0 hat
 k - a +0 helmet (worn)
 u - a +0 pair of boots
 x - a +0 pair of gloves (worn)
Magical Staves
 w - a staff of air
Jewellery
 m - an amulet of the acrobat (around neck)
Scrolls
 e - 2 scrolls of identify
 n - a scroll of acquirement {unknown}
 o - a scroll of noise {unknown}
 r - a scroll of fog {unknown}
 v - a scroll of teleportation {unknown}
 y - a scroll of silence {unknown}
 A - a scroll of immolation {unknown}
Potions
 d - 2 potions of magic
 f - a potion of enlightenment
 j - a potion of mutation
 p - a potion of degeneration
 t - 2 potions of attraction {unknown}
 z - a potion of haste {unknown}


   Skills:
 + Level 4.3 Dodging
 + Level 4.8 Stealth
 + Level 6.1 Spellcasting
 + Level 3.5 Conjurations
 + Level 3.2 Summonings
 + Level 3.3 Translocations


You had 17 spell levels left.
You knew the following spells:

 Your Spells              Type           Power      Damage    Failure   Level
a - Magic Dart            Conj           92%        1d7       1%          1

Your spell library contained the following spells:

 Spells                   Type           Power      Damage    Failure   Level
 Blink                    Tloc           44%        N/A       3%          2
 Call Imp                 Summ           44%        N/A       3%          2
 Freeze                   Ice            28%        1d5       9%          1
 Slow                     Hex            28%        N/A       9%          1
 Hailstorm                Conj/Ice       15%        3d5       12%         3
 Cigotuvi's Dreadful Rot  Necr/Pois/Air  14%        N/A       13%         2
 Mephitic Cloud           Conj/Pois/Air  12%        N/A       16%         3
 Frozen Ramparts          Ice            14%        1d3       26%         3


Dungeon Overview and Level Annotations

Branches:
Dungeon (5/15)
 Temple: D:4-7

Altars:
Dithmenos
Hepliaklqana
Kikubaaqudgha
Okawaru
Qazlal
Sif Muna
Trog
Xom
Yredelemnul


Message History

Press: ? - help, Shift-Dir - straight line, f/p - kobold demonologist
Aim: a kobold demonologist, wielding a +2 dagger of draining and wearing a +0 robe (heavily wounded, 100% to hit)
The magic dart hits the kobold demonologist.
The kobold demonologist is heavily wounded.
The shadow imp hits you but does no damage.
The kobold demonologist gestures wildly while chanting.
Casting: Magic Dart (safe; 1% risk of failure)
Confirm with . or Enter, or press ? or * to list all spells.
Aiming: Magic Dart (safe; 1% risk of failure)
Press: ? - help, Shift-Dir - straight line, f/p - kobold demonologist
Aim: a kobold demonologist, wielding a +2 dagger of draining and wearing a +0 robe (heavily wounded, 100% to hit)
The magic dart hits the kobold demonologist but does no damage.
The kobold demonologist is heavily wounded.
The shadow imp completely misses you.
The kobold demonologist hits you with a +2 dagger of draining.
* * * LOW HITPOINT WARNING * * *
You partially resist.
You barely miss the kobold demonologist.
The kobold demonologist is heavily wounded.
You hit the shadow imp.
The shadow imp convulses.
The shadow imp gestures at you. Pain shoots through your body!
* * * LOW HITPOINT WARNING * * *
The kobold demonologist hits you with a +2 dagger of draining.
* * * LOW HITPOINT WARNING * * *
You partially resist.
You feel drained.
You feel better.
The kobold demonologist hits you with a +2 dagger of draining.
* * * LOW HITPOINT WARNING * * *
You partially resist.
Unknown command.
You aren't carrying any items that you can evoke.
Unknown command.
Okay, then.
You hit the kobold demonologist.
The kobold demonologist is severely wounded.
You hit the hellwing but do no damage.
The kobold demonologist casts a spell.
The hellwing barely misses you. The hellwing hits you!
You die...

#...))......### #.......#.#......
#.#########...###....._.#.#......
#..##########....................
................._..⌠....##......
##.############..........###.....
#.# ###....._......###. #.##
#............# ## #..#
###########..........# #
##.#####.....54@...########## #
#..#.........K##### #
####...#.....5..# #
#................ #
#.###..##.......# #.##
..####.....# #..# ..# #.......
##.# ..# ...(.... ##.##..##


You could see a hellwing (summoned), a kobold demonologist, a shadow imp
(summoned) and an ufetubus (summoned).

Vanquished Creatures
  An ogre (D:4)
  A phantom (D:4)
  2 scorpions
  A howler monkey (D:3)
  An orc priest (D:5)
  2 hounds
  2 sleepcaps (D:4)
  3 gnolls (D:5)
  3 adders
  2 worms (D:2)
  5 dart slugs
  6 orcs
  4 ball pythons
  8 bats
  2 endoplasms
  4 goblins
  6 hobgoblins
  4 jackals
  5 kobolds
  2 quokkas
  2 frilled lizards (D:1)
  3 rats
69 creatures vanquished.

Notes
Turn   | Place    | Note
-------+----------+-------------------------------------------
     0 | D:1      | Zonian the Deep Elf Hedge Wizard began the quest for the
                  | Orb.
     0 | D:1      | Reached XP level 1. HP: 10/10 MP: 7/7
   384 | D:1      | Reached XP level 2. HP: 15/15 MP: 7/9
  1452 | D:2      | Reached XP level 3. HP: 19/19 MP: 6/11
  1692 | D:2      | You fall into a shaft and drop 1 floor!
  1696 | D:3      | Identified the +8 hand axe "Wiefos" {holy, rPois rF- rN++
                  | Int+2}
  1760 | D:3      | Found a shimmering blue altar of Sif Muna.
  2120 | D:2      | Found a hazy altar of Hepliaklqana.
  3031 | D:4      | Noticed an ogre
  3123 | D:4      | Reached XP level 4. HP: 24/24 MP: 9/12
  3297 | D:3      | Reached skill level 5 in Spellcasting
  4119 | D:4      | Killed an ogre
  4120 | D:4      | Reached XP level 5. HP: 28/28 MP: 8/14
  4156 | D:4      | Noticed a phantom
  4168 | D:4      | Killed a phantom
  4169 | D:4      | Reached XP level 6. HP: 31/32 MP: 14/16
  5226 | D:4      | Found a shadowy altar of Dithmenos.
  5235 | D:4      | Found a shimmering altar of Xom.
  5267 | D:4      | Found a bloodstained altar of Trog.
  5292 | D:5      | Entered Level 5 of the Dungeon
  5301 | D:5      | Found an ancient bone altar of Kikubaaqudgha.
  5393 | D:5      | Found a basalt altar of Yredelemnul.
  5470 | D:5      | Found an iron altar of Okawaru.
  5470 | D:5      | Found a stormy altar of Qazlal.
  5572 | D:5      | Reached skill level 6 in Spellcasting
  5572 | D:5      | Reached XP level 7. HP: 35/36 MP: 12/18
  5720 | D:5      | Noticed a kobold demonologist
  5780 | D:5      | Noticed a hellwing
  5781 | D:5      | HP: 1/32 [kobold demonologist/+2 dagger of draining (4)]
  5783 | D:5      | Slain by a hellwing

Illustrated notes

Levels and vault maps discovered:
D:1:      spicycebolla_arrival_ecumenical, layout_loops_ring, st_stairs_6
D:2:      layout_loops_corners, basic_altar, kennysheep_crisscross
D:3:      layout_loops_cross, old_standard_altar
D:4:      layout_cave_pools, general_overflow_altar, mainiacjoe_overflow_swirl
D:5:      layout_rooms, kennysheep_mini_moat, grunt_temple_overflow_open,
          kennysheep_decorative_pillar

Skill      XL: |  1  2  3  4  5  6 |
---------------+-------------------+-----
Stealth        | 3 4 |  4.8
Dodging        | 3 4 |  4.3
Conjurations   | 2 3 |  3.5
Spellcasting   | 5 6 |  6.1
Summonings     | 2 3 |  3.2
Translocations | 2 3 |  3.3

Action                     |  1- 3 |  4- 6 |  7- 9 || total
---------------------------+-------+-------+-------++-------
  Melee: Dagger            |     5 |    21 |       ||    26
         Hand axe          |       |    35 |     8 ||    43
  Throw: Dart              |       |     4 |     1 ||     5
   Cast: Magic Dart        |   105 |    79 |     9 ||   193
    Use: Scroll            |       |     4 |       ||     4
         Potion            |       |       |     1 ||     1
 Armour: Robe              |     3 |    50 |    17 ||    70
  Dodge: Dodged            |    10 |    57 |     4 ||    71

Table legend: (Time is in decaauts)
 A = Elapsed time spent in this place.
 B = Non-inter-level travel time spent in this place.
 C = Inter-level travel time spent in this place.
 D = Time resting spent in this place.
 E = Time spent auto-exploring this place.
 F = Levels seen in this place.
 G = Mean time per level.
                   A        B        C        D        E       F      G
               +--------+--------+--------+--------+--------+-----+--------+
         Total |   5797 |   5477 |    320 |   1634 |   3103 |   5 | 1159.4 |
       Dungeon |   5797 |   5477 |    320 |   1634 |   3103 |   5 | 1159.4 |
               +--------+--------+--------+--------+--------+-----+--------+

Top non-repeatable levels by time:
     D:3: 1622 daAuts
     D:2: 1387 daAuts
     D:4: 1318 daAuts
     D:1: 975 daAuts
     D:5: 494 daAuts
